 Dungeon Crawl Stone Soup version 0.31.0-12-g77e489cdc1 (webtiles) character file.

Game seed: 12929024799806628223

76 Gadfly the Ruffian (level 4, -10/28 (29) HPs)
             Began as an Octopode Shapeshifter on Feb 23, 2024.
             Mangled by an ice beast (14 damage)
             ... on level 3 of the Dungeon.
             The game lasted 00:03:15 (2018 turns).

Gadfly the Ruffian (Octopode Shapeshifter)          Turns: 2018, Time: 00:03:16

HP:   -10/28 (29)   AC:  1    Str: 15    XL:     4   Next: 32%
MP:   4/4           EV: 13    Int: 12    God:
Gold: 109           SH:  0    Dex: 11    Spells: 0/3 levels left

rFire   . . .        b - +1 dagger (venom)
rCold   . . .        (no shield)
rNeg    . . .        (helmet currently unavailable)
rPois   .            d - amulet of the acrobat
rElec   .            (no ring)
rCorr   .            (no ring)
SInv    .            (no ring)
Will    .....        (no ring)
Stlth   ++           (no ring)
HPRegen 0.24/turn    (no ring)
MPRegen 0.09/turn    (no ring)
                     (no ring)

%: acrobat
@: beast-form, lightly drained
A: beast (slay +1), almost no armour, amphibious, 8 rings, camouflage 1,
gelatinous body 1, (nimble swimmer 1), tentacles
a: Begin Untransformation


You were on level 3 of the Dungeon.
You were a hulking beast.
You visited 1 branch of the dungeon, and saw 3 of its levels.

You collected 109 gold pieces.

Inventory:

Hand Weapons
 b - a +1 dagger of venom (weapon)
 h - a +4 dagger of flaming
 m - a +3 hand axe of draining
Jewellery
 d - an amulet of the acrobat (around mantle)
Talismans
 c - a flux talisman
 f - a beast talisman
Scrolls
 k - 2 scrolls of teleportation {unknown}
 n - a scroll of fog
Potions
 a - a potion of lignification
 e - a potion of enlightenment {unknown}
 g - a potion of degeneration {unknown}
 i - 3 potions of curing
 j - a potion of might {unknown}
 l - a potion of attraction {unknown}


   Skills:
 + Level 1.7 Fighting
 + Level 2.5 Dodging
 + Level 1.3 Shields
 + Level 3.4 Unarmed Combat
 + Level 1.2 Evocations
 + Level 3.3 Shapeshifting


You couldn't memorise any spells.
You knew the following spells:

 Your Spells              Type           Power      Damage    Failure   Level
a - Swiftness             Air            0%         N/A       69%         3

Your spell library contained the following spells:

 Spells                   Type           Power      Damage    Failure   Level
 Shock                    Conj/Air       0%         1d3       32%         1
 Fugue of the Fallen      Necr           0%         N/A       69%         3
 Ozocubu's Armour         Ice            0%         N/A       69%         3
 Airstrike                Air            0%         2d(0-16)  97%         4
 Manifold Assault         Tloc           0%         N/A       97%         4


Dungeon Overview and Level Annotations

Branches:
Dungeon (3/15)

Altars:


Innate Abilities, Weirdness & Mutations

You are a hulking beast.
Your limbs bulge with bestial killing power. (Slay +1)
You cannot wear most types of armour.
You are amphibious.
You can wear up to eight rings at the same time.
Your skin changes colour to match your surroundings (Stealth+).
Your rubbery body absorbs attacks. (AC +1, EV +1)
((You are camouflaged when in or above water. (Stealth+)))
You have tentacles for arms and can constrict up to eight enemies at once.


Message History

You hit the orc.
The orc is poisoned.
Your grab misses the orc.
The orc is heavily wounded.
The orc hits you with a +3 hand axe of draining.
You feel drained.
You hit the orc but do no damage. You grab the orc. You tentacle-slap the orc.
You kill the orc!
No target in view!
No target in view!
No target in view!
No target in view!
No target in view!
No target in view!
Things that are here:
a +3 hand axe of draining; 2 boomerangs; a +0 leather armour
m - a +3 hand axe of draining
Okay, then.
Things that are here:
2 boomerangs; a +0 leather armour You open the door.
There is an open door here.
n - a scroll of fog An ice beast comes into view.
An ice beast is nearby!
An ice beast is nearby!
An ice beast is nearby!
Okay, then.
You hit the ice beast but do no damage. You squeeze the ice beast.
The ice beast is lightly wounded.
The ice beast hits you. The ice beast freezes you.
You hit the ice beast. Your squeeze misses the ice beast.
The ice beast is moderately wounded.
The ice beast hits you. The ice beast freezes you!
* * * LOW HITPOINT WARNING * * *
You hit the ice beast but do no damage.
The ice beast is moderately wounded.
The ice beast hits you.
* * * LOW HITPOINT WARNING * * *
The ice beast freezes you!
Ouch! That really hurt!
You die...

#.. ..# #.# #.# #.#
#.# ####.####.# ##
### # .......##.#
#. ..# #.
####<#.##.#
#.#####.#####. ##
#.#.##.#
#............. ..
#.#.##.# #.Y#.....#
♣.♣ .## #......#
#..h.....# #.#...
#####.####
#........♣#♣.♣.♣.#
#.....#
##...............#
#.#####
#.#...#.♣#♣.♣+♣##
#[# #.##.##.#
#....## #.##
#.......##♣.♣...##
#..##
###..#####.......##
##...####### ...#
#.........#
............ .....
+.........+


You could see an ice beast.

Vanquished Creatures
  An adder (D:3)
  A ribbon worm (D:2)
  An orc (D:3)
  6 ball pythons
  7 bats
  An endoplasm (D:1)
  3 giant cockroaches
  8 goblins
  7 hobgoblins
  6 jackals (D:1)
  3 kobolds
  2 quokkas
  3 frilled lizards (D:1)
  3 rats
  A spectral kobold (D:1)
53 creatures vanquished.

Notes
Turn   | Place    | Note
-------+----------+-------------------------------------------
     0 | D:1      | Gadfly the Octopode Shapeshifter began the quest for the
                  | Orb.
     0 | D:1      | Reached XP level 1. HP: 13/13 MP: 1/1
   152 | D:1      | Found a faded altar of an unknown god.
   218 | D:1      | Reached XP level 2. HP: 16/17 MP: 2/2
   235 | D:1      | You fall into a shaft and drop 1 floor!
   336 | D:1      | Reached XP level 3. HP: 8/23 MP: 3/3
   428 | D:1      | Reached skill level 1 in Shields
   570 | D:1      | Reached skill level 1 in Evocations
  1168 | D:2      | Reached XP level 4. HP: 28/28 MP: 4/4
  1172 | D:2      | Learned a level 3 spell: Swiftness
  2010 | D:3      | Noticed an ice beast
  2018 | D:3      | Mangled by an ice beast

Illustrated notes

Levels and vault maps discovered:
D:1:      mrwooster_arrival_statue_3, layout_basic,
          dreamdust_ecumenical_altar_drowned_temple
D:2:      layout_basic
D:3:      layout_loops_corners, serial_forest, infiniplex_forest_pool,
          infiniplex_forest_lined_3_way, infiniplex_forest_lined_4_way,
          infiniplex_forest_lined_corner, infiniplex_forest_clump_small,
          infiniplex_forest_lined_corner

Skill      XL: |  1  2  3 |
---------------+----------+-----
Shields        | 1 |  1.3
Evocations     | 1 |  1.2
Fighting       | |  1.7
Dodging        | |  2.5
Unarmed Combat | |  3.4
Shapeshifting  | |  3.3

Action                     |  1- 3 |  4- 6 || total
---------------------------+-------+-------++-------
  Melee: Unarmed           |    37 |       ||    37
         Constrict         |    24 |     3 ||    27
         Punch             |     3 |     3 ||     6
         Tentacles         |    12 |     6 ||    18
         Dagger            |    47 |    21 ||    68
    Use: Scroll            |     5 |     1 ||     6
         Potion            |       |     1 ||     1
   Stab: Sleeping          |     2 |     1 ||     3
 Armour: Skin              |    50 |     9 ||    59
  Dodge: Dodged            |    62 |    13 ||    75
